 Dungeon Crawl Stone Soup version 0.18.1-50-g88ac8fd (webtiles) character file.

299 ololoev the Skirmisher (level 6, 47/49 HPs)
             Began as a Demonspawn Fighter on Oct 13, 2016.
             Quit the game on level 3 of the Dungeon.
             The game lasted 00:06:42 (1003 turns).

ololoev the Skirmisher (Demonspawn Fighter)         Turns: 1003, Time: 00:06:43

Health: 47/49      AC: 12    Str: 23    XL:     6   Next: 13%
Magic:  6/6        EV:  5    Int: 10    God:
Gold:   88         SH:  9    Dex: 12    Spells: 0 memorised, 5 levels left

rFire  . . .     SeeInvis .     a - +0 war axe
rCold  . . .     Gourm    .     j - +0 chain mail
rNeg   . . .     Faith    .     c - +0 shield
rPois  .         Spirit   +     (no helmet)
rElec  .         Dismiss  .     (no cloak)
rCorr  .         Reflect  .     (no gloves)
SustAt .         Harm     .     (no boots)
MR     .....                    (no amulet)
Stlth  ..........               (no ring)
                                (no ring)

@: mighty, not resistant to hostile enchantments, extremely unstealthy
A: slimy green scales 2, powered by pain 1, magic shield
a: no special abilities


Innate Abilities, Weirdness & Mutations

You are mostly covered in slimy green scales (AC +3).
You sometimes gain a little power by taking damage.
When hurt, damage is shared between your health and your magic reserves.

Inventory:

Hand Weapons
 a - a +0 war axe (weapon)
Armour
 c - a +0 shield (worn)
 j - a +0 chain mail (worn)
Scrolls
 b - 2 scrolls of enchant armour {unknown}
 e - 3 scrolls of teleportation {unknown}
 g - a scroll of recharging {unknown}
 h - 2 scrolls of amnesia {unknown}
 o - 2 scrolls of enchant weapon {unknown}
Potions
 d - 4 potions of might
 i - a potion of haste {unknown}
 k - 5 potions of agility {unknown}
 l - 3 potions of curing {unknown}
 n - 2 potions of heal wounds
 p - 3 potions of brilliance {unknown}
Comestibles
 f - 2 bread rations
 q - a meat ration


   Skills:
 + Level 4.3 Fighting
 * Level 4.1 Axes
 + Level 4.0 Armour
 - Level 2.6 Shields


You had 5 spell levels left.
You didn't know any spells.


You were on level 3 of the Dungeon.
You were hungry.

You visited 1 branch of the dungeon, and saw 3 of its levels.
You also visited: Sewer.

You collected 88 gold pieces.

#.......##....#
#....#........†..##.#
#.............)..##.#
.............#####.#
............# #..#
###..........####.##
..........(......####
#.#.#..########<[...
#### #.)@..### #.####
.....#.).)...#######.#
#.....)#.........(..#
#.#....########.....# #
###......#####..#.####
.o....####.#............
..o### #.....###..######


s.o .....#.#####.......# .. #..####.......†.###..

Notes
Turn   | Place    | Note
--------------------------------------------------------------
     0 | D:1      | ololoev the Demonspawn Fighter began the quest for the Orb.
     0 | D:1      | Reached XP level 1. HP: 18/18 MP: 1/1
    78 | D:1      | Gained mutation: You are partially covered in slimy green scales (AC +2). [demonic ancestry]
    78 | D:1      | Reached XP level 2. HP: 19/24 MP: 2/2
   285 | D:3      | Found a glowing drain.
   318 | Sewer    | Entered a sewer
   343 | Sewer    | Gained mutation: When hurt, damage is shared between your health and your magic reserves. [demonic ancestry]
   343 | Sewer    | Reached XP level 3. HP: 18/29 MP: 3/3
   429 | Sewer    | Noticed a big kobold
   451 | Sewer    | Killed a big kobold
   451 | Sewer    | Reached XP level 4. HP: 10/37 MP: 4/4
   540 | Sewer    | Gained mutation: You are mostly covered in slimy green scales (AC +3). [demonic ancestry]
   540 | Sewer    | Reached XP level 5. HP: 23/42 MP: 5/5
   565 | Sewer    | HP: 2/42 [river rat (5)]
   815 | D:3      | Found a bloodstained altar of Trog.
   818 | D:3      | Found a glowing silver altar of Zin.
   864 | D:2      | Found an iron altar of Okawaru.
   939 | D:2      | Found an ancient bone altar of Kikubaaqudgha.
   939 | D:2      | Found an oddly glowing altar of Pakellas.
   940 | D:2      | Found a deep blue altar of Sif Muna.
   999 | D:3      | Gained mutation: You sometimes gain a little power by taking damage. [demonic ancestry]
   999 | D:3      | Reached XP level 6. HP: 45/48 MP: 6/6
  1003 | D:3      | Quit the game

Dungeon Overview and Level Annotations

Branches:
Dungeon (3/15)

Altars:
Kikubaaqudgha
Okawaru
Pakellas
Sif Muna
Trog
Zin


Message History

The orc is almost dead.
You hit the orc.
The orc is moderately wounded.
The orc hits you but does no damage. You block the orc's attack.
The orc hits you but does no damage.
Unknown command.
You hit the orc.
The orc is severely wounded.
You hit the orc.
You kill the orc!
The giant cockroach bites you but does no damage.
Unknown command.
You block the orc's attack. You block the giant cockroach's attack.
The orc wizard hits you but does no damage.
Unknown command.
Drink which item? (? for menu, Esc to quit)
You feel very mighty all of a sudden.
The giant cockroach bites you but does no damage.
You block the orc's attack. The orc hits you but does no damage.
The orc wizard hits you but does no damage.
The orc priest casts a cantrip, but nothing happens.
Your shield and chain mail prevent you from hitting the orc.
Your shield and chain mail prevent you from hitting the orc wizard.
You barely miss the orc.
The orc is severely wounded.
You closely miss the giant cockroach.
The giant cockroach bites you but does no damage.
The orc hits you but does no damage. x2
The orc wizard hits you but does no damage.
The giant cockroach bites you.
Unknown command.
You barely miss the orc. You closely miss the orc priest.
You barely miss the giant cockroach. You barely miss the orc.
The orc is severely wounded.
You slash the orc wizard!
You kill the orc wizard!
You block the orc's attack. You block the giant cockroach's attack.
The orc hits you but does no damage.
The orc priest hits you with a hand axe.
Unknown command.
You slash the orc priest!
The orc priest is heavily wounded.
You closely miss the orc. x2
The orc is severely wounded.
Your shield and chain mail prevent you from hitting the giant cockroach.
You block the giant cockroach's attack. The orc hits you but does no damage.
The orc priest hits you but does no damage.
The orc barely misses you.
The giant cockroach bites you but does no damage.
You block the orc's attack.
The orc priest hits you but does no damage.
You completely miss the orc priest.
The orc priest is heavily wounded.
You hit the orc.
The orc is almost dead.
You slash the orc!
You kill the orc!
You have reached level 6!
Your experience leads to an increase in your attributes!
Your base attributes are Str 17, Int 10, Dex 12.
Increase (S)trength, (I)ntelligence, or (D)exterity?
You feel stronger.
Your demonic ancestry asserts itself...
You feel energised by your suffering.
You barely miss the giant cockroach. The giant cockroach barely misses you.
You block the orc's attack. The giant cockroach closely misses you.
The orc priest miscasts a cantrip.
You slash the orc priest!
You kill the orc priest!
Your Armour skill increases to level 4!
You hit the orc.
You kill the orc!
You hit the giant cockroach.
The giant cockroach is moderately wounded.
You block the giant cockroach's attack.
The giant cockroach bites you but does no damage.
You slash the giant cockroach!
You kill the giant cockroach!
Things that are here:
a ring mail; a giant cockroach corpse; an orc corpse Are you sure you want to abandon this character and quit the game? (Confirm with "yes".)

There were no monsters in sight!

Vanquished Creatures
  A big kobold (Sewer)
  An orc priest (D:3)
  An orc wizard (D:3)
  2 adders (Sewer)
  8 river rats (Sewer)
  An ooze (D:3)
  2 worms
  3 giant geckos (D:3)
  3 orcs (D:3)
  3 bats
  7 giant cockroaches
  3 goblins
  6 ball pythons (Sewer)
  A giant newt (D:1)
  19 kobolds
  20 rats
81 creatures vanquished.

Vanquished Creatures (others)
  A bat (D:2)
1 creature vanquished.

Grand Total: 82 creatures vanquished

Action                   |  1- 3 |  4- 6 || total
-------------------------+-------+-------++-------
Melee: War axe           |   130 |   102 ||   232
  Use: Potion            |       |     2 ||     2
  Eat: Chunk             |       |     1 ||     1
Armor: Scale mail        |    55 |       ||    55
       Chain mail        |    38 |    96 ||   134
Dodge: Dodged            |    38 |    21 ||    59
Block: Shield            |    79 |    63 ||   142

Vault maps used:
D:1:      ncdulo_wetmaze, serial_park_tiny_pond
D:2:      fiery_altar_vehumet, nicolae_overflow_crystal_walls,
          gammafunk_temple_overflow_claw
D:3:      nicolae_overflow_hidden_temple, gup_sewer_entry_pipe, first_bread,
          lemuel_statue_altar
Sewer:    sewer_minmay_treatment
